 Dungeon Crawl Stone Soup version 0.23-a0-295-g2e428d4 (webtiles) character file.

28 Amnesiac the Magician (level 3, -1/24 HPs)
             Began as a Mummy Wizard on Oct 4, 2018.
             Was an Initiate of Vehumet.
             Slain by a shadow imp (2 damage)
             ... on level 4 of the Dungeon.
             The game lasted 00:02:49 (1032 turns).

Amnesiac the Magician (Mummy Wizard)                Turns: 1032, Time: 00:02:49

Health: -1/24      AC:  2    Str: 10    XL:     3   Next: 0%
Magic:  4/9        EV: 12    Int: 18    God:    Vehumet [......]
Gold:   0          SH:  0    Dex: 10    Spells: 4/12 levels left

rFire    x . .     SeeInvis .   b - +0 short sword
rCold    + . .     Gourm    .   (no shield)
rNeg     + + +     Faith    .   e - +0 robe
rPois    ∞         Spirit   .   (no helmet)
rElec    .         Reflect  .   (no cloak)
rCorr    .         Harm     .   (no gloves)
MR       .....                  (no boots)
Stlth    ++........             (no amulet)
HPRegen  0.08/turn              (no ring)
MPRegen  0.11/turn              (no ring)

@: no status effects
A: no food or potions, fire vulnerability, cold resistance 1, negative energy
resistance 3, torment resistance, unbreathing
a: Renounce Religion


You were on level 4 of the Dungeon.
You worshipped Vehumet.
Vehumet was noncommittal.
You were not hungry.

You visited 1 branch of the dungeon, and saw 4 of its levels.

Inventory:

Hand Weapons
 a - a +0 hunting sling
 b - a +0 short sword (weapon)
Missiles
 f - a stone (quivered)
Armour
 e - a +0 robe (worn)


   Skills:
 - Level 1.5 Dodging
 - Level 1.5 Stealth
 + Level 5.4 Spellcasting
 - Level 0.7 Conjurations
 - Level 0.7 Summonings
 - Level 0.7 Translocations


You had 4 spell levels left.
You knew the following spells:

 Your Spells              Type           Power        Failure   Level  Hunger
a - Magic Dart            Conj           #...         10%         1    N/A
b - Call Imp              Summ           #.......     14%         2    N/A
e - Mephitic Cloud        Conj/Pois/Air  #.......     34%         3    N/A
v - Blink                 Tloc           N/A          14%         2    N/A

Your spell library contained the following spells:

 Spells                   Type           Power        Failure   Level  Hunger
 Slow                     Hex            #.......     19%         2    N/A
 Conjure Flame            Conj/Fire      #.......     32%         3    N/A

Dungeon Overview and Level Annotations

Branches:
Dungeon (4/15)
 Temple: D:4-7

Altars:
Vehumet
The Shining One

Annotations:
D:4 Blork the orc, Edmund, Grinder


Innate Abilities, Weirdness & Mutations

You do not eat or drink.
Your flesh is vulnerable to fire.
You are immune to poison.
Your flesh is cold resistant. (rC+)
You are immune to negative energy. (rN+++)
You are immune to unholy pain and torment.
You can survive without breathing.


Message History

* * * LOW HITPOINT WARNING * * *
The adder closely misses you.
The giant cockroach bites the plant but does no damage.
The iguana closely misses you. The worker ant bites you.
* * * LOW HITPOINT WARNING * * *
The adder barely misses you. The water moccasin misses you.
Unknown command.
You can't drink.
You can't drink.
Casting: Mephitic Cloud (safe; 34% risk of failure)
Confirm with . or Enter, or press ? or * to list all spells.
Okay, then.
Unknown command.
Casting: Mephitic Cloud (safe; 34% risk of failure)
Confirm with . or Enter, or press ? or * to list all spells.
You blink.
Splash!
You fall into the shallow water.
Moving in this stuff is going to be slow.
The iguana closely misses you.
The water moccasin bites the plant!
The plant is poisoned.
The water moccasin poisons the plant!
The giant cockroach closely misses you.
Casting: Blink (safe; 14% risk of failure)
Confirm with . or Enter, or press ? or * to list all spells.
You blink.
The water moccasin bites the plant.
The orc hits the plant but does no damage.
A quokka comes into view.
The orc hits the plant but does no damage.
Something hits the plant but does no damage.
The water moccasin bites the plant!
The plant is poisoned.
The water moccasin poisons the plant!
Found 9 gold pieces.
A quokka comes into view.
Something bites the plant but does no damage. x2
Something hits the plant but does no damage.
Something bites the plant but does no damage.
Found a long sword.
The giant cockroach splashes around in the water.
The water moccasin bites the plant but does no damage.
You hear a splashing noise.
Casting: Blink (safe; 14% risk of failure)
Confirm with . or Enter, or press ? or * to list all spells.
Aiming: Mephitic Cloud (safe; 34% risk of failure)
Press: ? - help, Shift-Dir - straight line, f - quokka
Aim: a quokka The ball explodes into a vile cloud!
The stinking cloud engulfs the quokka.
You hear a shout! x3; You hear a bark!
The quokka is engulfed in noxious fumes.
The quokka appears confused.
You hear a splashing noise.
The quokka bites itself but does no damage.
The quokka twitches its whiskers.
Found 6 gold pieces.
A shadow imp comes into view.
The shadow imp barely misses you.
The quokka closely misses the quokka.
Found a stone staircase leading down.
The shadow imp hits you but does no damage.
The quokka bites itself.
The shadow imp hits you.
* * * LOW HITPOINT WARNING * * *
The quokka closely misses something.
There is a stone staircase leading down here.
The shadow imp hits you.
You die...

##.#..# ##........P≈ #..#.#
##.########. ##.#..### #..#
##.
###.......###..#######..
..##.....r...##..#.........
#........$...##...o.....♣P.
#...........###........PP♣♣
..........5.##)...o....P♣♣.
..........@###...........♣P
...........##..............
#.........................#
####.....####..............
##.##.# #.............. #..
### #.


You could see a shadow imp and a quokka.

Vanquished Creatures
  An adder (D:3)
  An orc (D:3)
  2 bats (D:1)
  2 giant cockroaches
  2 goblins (D:2)
  2 hobgoblins (D:1)
  3 jackals (D:1)
  A kobold (D:1)
  2 rats (D:1)
16 creatures vanquished.

Notes
Turn   | Place    | Note
-------+----------+-------------------------------------------
     0 | D:1      | Amnesiac the Mummy Wizard began the quest for the Orb.
     0 | D:1      | Reached XP level 1. HP: 13/13 MP: 5/5
   281 | D:1      | Reached XP level 2. HP: 16/19 MP: 4/7
   285 | D:1      | Learned a level 2 spell: Blink
   288 | D:1      | Learned a level 2 spell: Call Imp
   687 | D:2      | Reached skill level 5 in Spellcasting
   743 | D:2      | You fall through a shaft!
   743 | D:3      | Found a glowing golden altar of the Shining One.
   745 | D:3      | Found a radiant altar of Vehumet.
   944 | D:3      | Reached XP level 3. HP: 24/24 MP: 4/9
   950 | D:3      | Became a worshipper of Vehumet
   954 | D:4      | Noticed Edmund
   981 | D:4      | Learned a level 3 spell: Mephitic Cloud
   989 | D:4      | Noticed Grinder
   989 | D:4      | Noticed a water moccasin
   992 | D:4      | Noticed Blork the orc
  1026 | D:4      | HP: 1/24 [shadow imp (5)]
  1032 | D:4      | Slain by a shadow imp

Vault maps used:
D:1:      mrwooster_arrival_statue, hangedman_decor_peaks_small,
          minmay_misc_feat_four_crosses, roderic_lattice_a
D:2:      lemuel_doored_altar
D:3:      gammafunk_temple_overflow_arena, nicolae_overflow_hidden_temple,
          overflow_temple_1_default, lemuel_crystal_altar, okawaru_trees_1,
          first_ration, uniq_ijyb
D:4:      marbit_many_paths, minmay_temple_entry_enclosed_plants, serial_forest,
          infiniplex_forest_clump_small, infiniplex_forest_3_way,
          infiniplex_forest_end_1, infiniplex_forest_end_1,
          infiniplex_forest_corner_2, infiniplex_forest_straight_1,
          serial_bayou_lagoon_a, uniq_blork_the_orc, uniq_duvessa, uniq_grinder,
          uniq_edmund

Skill      XL: |  1  2 |
---------------+-------+-----
Spellcasting   | 5 |  5.4
Dodging        | |  1.5
Stealth        | |  1.5
Conjurations   | |  0.7
Summonings     | |  0.7
Translocations | |  0.7

Action                   || total
-------------------------++-------
Melee: Short sword       ||    21
       Unarmed           ||     2
 Fire: Hunting sling     ||    17
 Cast: Magic Dart        ||    33
       Mephitic Cloud    ||     2
       Blink             ||     2
  Use: Scroll            ||     2
Armor: Robe              ||    15
Dodge: Dodged            ||    54

Table legend:
 A = Non-vault XP
 B = Vault XP
 C = Vault XP percentage of total XP
 D = Non-vault monster count
 E = Vault monster count
 F = Vault count percentage of total count
                 A         B        C        D         E       F
            +---------+---------+-------+---------+---------+-------
      Total |      41 |       0 |   0.0 |      16 |       0 |   0.0
            +---------+---------+-------+---------+---------+-------
        D:1 |      18 |       0 |   0.0 |      11 |       0 |   0.0
        D:2 |       6 |       0 |   0.0 |       3 |       0 |   0.0
        D:3 |      17 |       0 |   0.0 |       2 |       0 |   0.0
            +---------+---------+-------+---------+---------+-------
